 Dungeon Crawl Stone Soup version 0.22.0-6-g71bd7aa (webtiles) character file.

350 sking99 the Ducker (level 6, -1/28 HPs)
             Began as a Felid Summoner on Aug 15, 2018.
             Was a Follower of Sif Muna.
             Slain by an ogre
             ... wielding a +0 giant spiked club
              (23 damage)
             ... on level 7 of the Dungeon.
             The game lasted 00:40:31 (11889 turns).

sking99 the Ducker (Felid Summoner)                Turns: 11889, Time: 00:40:33

Health: -1/28      AC:  2    Str:  4    XL:     6   Next: 34%
Magic:  9/13       EV: 21    Int: 19    God:    Sif Muna [*.....]
Gold:   321        SH:  0    Dex: 16    Spells: 3/13 levels left
                                        Lives:  0   Deaths: 2

rFire    . . .     SeeInvis +   (weapon unavailable)
rCold    . . .     Gourm    .   (shield unavailable)
rNeg     . . .     Faith    .   (armour unavailable)
rPois    .         Spirit   .   (helmet unavailable)
rElec    .         Reflect  .   (cloak unavailable)
rCorr    .         Harm     .   (gloves unavailable)
MR       .....                  (boots unavailable)
Stlth    +++.......             (no amulet)
HPRegen  0.09/turn              (no ring)
MPRegen  0.13/turn              (no ring)

@: divine energy, quick
A: very small, no armour, no weapons or thrown items, stealth, claws 1, fangs 3,
see invisible, carnivore, speed 1, shaggy fur 2, slow metabolism 1, sharp paws
a: Stop Divine Energy, Renounce Religion


You were on level 7 of the Dungeon.
You worshipped Sif Muna.
Sif Muna was aware of your devotion.
You were very full.

You visited 2 branches of the dungeon, and saw 8 of its levels.
You also visited: Ossuary.

You collected 321 gold pieces.

Inventory:

Jewellery
 o - an uncursed ring of resist corrosion {unknown}
 C - a +2 ring of protection {unknown}
Wands
 d - a wand of random effects (13)
 k - a wand of acid (8)
 B - a wand of iceblast (10)
Scrolls
 c - 3 scrolls of identify
 f - 2 scrolls of amnesia
 i - 4 scrolls of blinking
 j - a scroll of fear
 l - a scroll of teleportation
 n - 2 scrolls of enchant weapon {unknown}
 q - a scroll of immolation
 t - 8 scrolls of random uselessness
 u - a scroll of remove curse {unknown}
 x - a scroll of noise {unknown}
 y - a scroll of vulnerability {unknown}
 z - a scroll of torment {unknown}
 A - a scroll of magic mapping {unknown}
Potions
 a - 5 potions of flight
 e - 3 potions of heal wounds
 g - 2 potions of curing
 h - a potion of haste
 m - a potion of resistance
 p - 5 potions of degeneration
 r - 2 potions of invisibility
 s - a potion of magic
 v - a potion of brilliance {unknown}
 w - a potion of lignification {unknown}
Comestibles
 b - 12 rations


   Skills:
 + Level 4.0 Fighting
 - Level 5.6 Dodging
 - Level 4.0 Stealth
 + Level 4.0 Spellcasting
 + Level 5.6 Summonings
 + Level 2.1 Air Magic


You had 3 spell levels left.
You knew the following spells:

 Your Spells              Type           Power        Failure   Level  Hunger
a - Summon Small Mammal   Summ           ####         1%          1    None
b - Call Imp              Summ           ####....     1%          2    ##.....
c - Call Canine Familiar  Summ           ####....     4%          3    ###....
d - Summon Lightning Spi  Summ/Air       ###.....     28%         4    ####...

Your spell library contained the following spells:

 Spells                   Type           Power        Failure   Level  Hunger
 Throw Frost              Conj/Ice       #.....       21%         2    ##.....
 Freeze                   Ice            #...         14%         1    None
 Summon Ice Beast         Ice/Summ       ##......     41%         4    ####...
 Ozocubu's Armour         Chrm/Ice       #.......     38%         3    ###....
 Regeneration             Chrm/Necr      #.........   38%         3    ###....
 Throw Icicle             Conj/Ice       #.......     80%         4    ####...
 Shroud of Golubria       Chrm/Tloc      #.........   21%         2    ##.....
 Infusion                 Chrm           #...         14%         1    None
 Song of Slaying          Chrm           #.......     21%         2    ##.....
 Spectral Weapon          Hex/Chrm       #.......     38%         3    ###....
 Summon Guardian Golem    Hex/Summ       ##......     13%         3    ###....


Dungeon Overview and Level Annotations

Branches:
Dungeon (7/15)             Temple (1/1) D:4

Altars:
Ashenzari
Cheibriados
Dithmenos
Elyvilon
Fedhas
Gozag
Hepliaklqana
Kikubaaqudgha
Makhleb
Nemelex Xobeh
Okawaru
Qazlal
Ru
Sif Muna
Trog
Uskayaw
Vehumet
Wu Jian
Xom
Yredelemnul
Zin
The Shining One


Innate Abilities, Weirdness & Mutations

You cannot wear armour.
You are incapable of wielding weapons or throwing items.
Your paws allow you to move quietly. (Stealth)
You have sharp claws.
You have razor-sharp teeth.
You have supernaturally acute eyesight. (SInv)
You are carnivorous and can eat meat at any time.
You cover ground quickly.
You are covered in thick fur. (AC +2)
You have a slow metabolism.
Your sharp claws are effective at attacking unaware monsters.


Message History

An ogre comes into view. It is wielding a giant spiked club.
The ogre shouts!
Your hound bites the iguana but does no damage.
Your shadow imp hits the iguana.
Your hound bites the iguana.
Something hits your hound but does no damage.
Your shadow imp closely misses the iguana.
Your shadow imp closely misses the iguana.
Your hound bites the iguana but does no damage.
The orc wizard hits your hound with a dagger.
Your hound closely misses the iguana.
The orc wizard barely misses your hound.
Found a scroll of random uselessness.
You see here a scroll of random uselessness.
t - 8 scrolls of random uselessness (gained 1)
The orc hits you with a dagger.
You scratch the orc but do no damage.
The ogre hits you with a giant spiked club!!
Ouch! That really hurt!
You die...

##### ....# ....#
#<######## ....# #
#.#..O@o.#
....#.###.#.#.####.#####o#
....#.....#.#.#..o....oo.#
...........?>l##.#.######
............5h##5#5##...###
####.#####.#.o##.#55.._...#
..##.# #.#..##§#.._..._.##
#..#.# # #....o#.........#
#....#
#.....#####._..⌠.._..#


You could see an ogre and an orc.

Vanquished Creatures
  An orc wizard (D:5)
  A mummy (Ossuary)
  A worker ant zombie (D:6)
  A leopard gecko (D:3)
  A frilled lizard (D:4)
  A gnoll zombie (Ossuary)
  2 goblin zombies (Ossuary)
  An orc zombie (Ossuary)
  A rat (D:3)
10 creatures vanquished.

Vanquished Creatures (collateral kills)
  A black bear (D:6)
  A sky beast (D:6)
  3 ogres
  A centaur (D:6)
  A bullfrog (D:7)
  2 wights (D:6)
  2 crimson imps (D:6)
  2 centaur zombies (Ossuary)
  2 hounds
  A human zombie (Ossuary)
  2 jellies
  3 orc priests
  4 orc wizards
  Terence (D:2)
  3 worker ants
  A big kobold zombie (Ossuary)
  A hound skeleton (D:6)
  5 mummies (Ossuary)
  A worker ant zombie (D:6)
  4 gnolls (D:5)
  2 adders
  2 worms (D:2)
  4 dart slugs
  2 leopard geckos
  23 orcs
  4 giant cockroaches
  6 hobgoblins
  15 jackals
  4 quokkas
  A ball python (D:3)
  2 bats
  A frilled lizard (D:3)
  6 goblins
  8 kobolds
  8 rats
129 creatures vanquished.

Grand Total: 139 creatures vanquished

Notes
Turn   | Place    | Note
-------+----------+-------------------------------------------
     0 | D:1      | sking99 the Felid Summoner began the quest for the Orb.
     0 | D:1      | Reached XP level 1. HP: 7/7 MP: 4/4
  1319 | D:1      | Reached XP level 2. HP: 6/11 MP: 3/6
  1472 | D:1      | Learned a level 2 spell: Call Imp
  2016 | D:2      | Noticed Terence
  2155 | D:2      | Killed Terence
  2286 | D:2      | Reached XP level 3. HP: 14/14 MP: 1/7
  3859 | D:3      | Found a hide-covered altar of Uskayaw.
  4847 | D:3      | Reached XP level 4. HP: 18/18 MP: 1/8
  5110 | D:3      | Reached skill level 1 in Fighting
  5152 | D:3      | Learned a level 3 spell: Call Canine Familiar
  6100 | D:4      | Found a staircase to the Ecumenical Temple.
  6109 | Temple   | Entered the Ecumenical Temple
  6408 | Temple   | Became a worshipper of Sif Muna the Loreminder
  6899 | D:5      | Entered Level 5 of the Dungeon
  6911 | D:5      | Reached XP level 5. HP: 15/22 MP: 0/9
  7344 | D:5      | Reached skill level 5 in Summonings
  7436 | D:5      | Found a sand-covered staircase.
  7513 | Ossuary  | Entered an ossuary
  8079 | Ossuary  | Reached skill level 5 in Dodging
  8220 | Ossuary  | Gained mutation: You are covered in thick fur. (AC +2) [Felid growth]
  8220 | Ossuary  | Reached XP level 6. HP: 14/27 MP: 3/11
  9720 | D:5      | Learned a level 4 spell: Summon Lightning Spire
 10049 | D:6      | Slain by a black bear
 10050 | D:6      | Reached XP level 5. HP: -1/24 MP: 5/11
 10052 | D:6      | Found a white marble altar of Elyvilon.
 10088 | D:6      | Noticed a centaur
 10130 | D:6      | Killed a centaur
 10130 | D:6      | Reached skill level 1 in Air Magic
 10130 | D:6      | Reached XP level 6. HP: 17/28 MP: 1/12
 10391 | D:6      | Noticed a sky beast
 10450 | D:6      | Killed a sky beast
 11109 | D:6      | Reached * piety under Sif Muna
 11109 | D:6      | Reached XP level 7. HP: 31/31 MP: 8/13
 11205 | D:6      | Slain by a wight
 11206 | D:6      | Reached XP level 6. HP: -3/28 MP: 4/12
 11785 | D:7      | Found a glowing golden altar of the Shining One.
 11785 | D:7      | Found a white marble altar of Elyvilon.
 11785 | D:7      | Found a snail-covered altar of Cheibriados.
 11787 | D:7      | Found a shimmering altar of Xom.
 11787 | D:7      | Found a shattered altar of Ashenzari.
 11789 | D:7      | Found a stormy altar of Qazlal.
 11789 | D:7      | Found a sparkling altar of Nemelex Xobeh.
 11854 | D:7      | Found a glowing silver altar of Zin.
 11889 | D:7      | Slain by an ogre

Skill      XL: |  1  2  3  4  5  6 |
---------------+-------------------+-----
Stealth        | 3 4 |  4.0
Dodging        | 3 4 5 |  5.6
Fighting       | 1 2 4 |  4.0
Summonings     | 5 |  5.6
Spellcasting   | 4 |  4.0
Air Magic      | 1 2 |  2.1

Action                   |  1- 3 |  4- 6 |  7- 9 || total
-------------------------+-------+-------+-------++-------
Melee: Unarmed           |    12 |    95 |       ||   107
       Bite              |     1 |    14 |       ||    15
 Cast: Summon Small Mamm |    39 |     7 |       ||    46
       Call Imp          |    74 |    92 |     4 ||   170
       Call Canine Famil |       |    51 |     2 ||    53
Invok: Divine Energy     |       |       |     1 ||     1
  Use: Scroll            |       |     8 |     5 ||    13
 Stab: Distracted        |       |     3 |       ||     3
  Eat: Chunk             |    20 |    30 |       ||    50
Armor: Skin              |     2 |     1 |       ||     3
Dodge: Dodged            |    39 |   117 |     2 ||   158
